 Dungeon Crawl Stone Soup version 0.18.1-6-gd335043 (webtiles) character file.

119 shmeve the Skirmisher (level 5, -1/33 HPs)
             Began as a Kobold Berserker on May 18, 2016.
             Was a Believer of Trog.
             Killed from afar by a white imp (11 damage)
             ... with a puff of frost
             ... summoned by Natasha
             ... on level 2 of the Dungeon.
             The game lasted 00:04:29 (2511 turns).

shmeve the Skirmisher (Kobold Berserker)            Turns: 2511, Time: 00:04:32

Health: -1/33      AC:  3    Str: 16    XL:     5   Next: 23%
Magic:  5/5        EV: 16    Int:  5    God:    Trog [**....]
Gold:   128        SH:  0    Dex: 16    Spells: 0 memorised, 4 levels left

rFire  . . .     SeeInvis .     a - +0 hand axe
rCold  . . .     Gourm    .     m - +0 leather armour
rNeg   . . .     Faith    .     (shield restricted)
rPois  .         Spirit   .     (no helmet)
rElec  .         Dismiss  .     (no cloak)
rCorr  .         Reflect  .     (no gloves)
SustAt .         Harm     .     (no boots)
MR     ++...                    (no amulet)
Stlth  ++........               (no ring)
                                (no ring)

@: regenerating, very resistant to hostile enchantments, unstealthy
A: carnivore 3
a: Berserk, Trog's Hand, Burn Spellbooks, Renounce Religion


You were on level 2 of the Dungeon.
You worshipped Trog.
Trog was pleased with you.
You were not hungry.

You visited 1 branch of the dungeon, and saw 2 of its levels.

You collected 128 gold pieces.

Inventory:

Hand Weapons
 a - a +0 hand axe (weapon)
Armour
 m - a +0 leather armour (worn)
Scrolls
 b - a scroll of amnesia {unknown}
 d - 4 scrolls of remove curse {unknown}
 f - a scroll of recharging {unknown}
 g - 3 scrolls of identify {unknown}
 h - 2 scrolls of noise {unknown}
 i - 2 scrolls of random uselessness {unknown}
 j - 2 scrolls of magic mapping {unknown}
 n - a scroll of immolation {unknown}
 o - a scroll of teleportation {unknown}
 p - a scroll of blinking {unknown}
Potions
 e - a potion of magic {unknown}
 k - a potion of resistance {unknown}
 l - a potion of flight {unknown}
 q - a potion of curing {unknown}
Comestibles
 c - 2 meat rations


   Skills:
 * Level 4.1 Fighting
 * Level 3.2 Axes
 + Level 1.5 Throwing
 - Level 1.5 Armour
 * Level 3.9 Dodging
 + Level 1.9 Stealth


You had 4 spell levels left.
You didn't know any spells.

Dungeon Overview and Level Annotations

Branches:
Dungeon (2/15)

Altars:

Annotations:
D:2 Natasha


Innate Abilities, Weirdness & Mutations

You are small and have problems with some larger weapons.
You are carnivorous and can eat meat at any time.


Message History

Natasha mumbles some strange words.
You barely miss Natasha.
Natasha is severely wounded.
You barely miss the white imp.
Natasha stares at you and mumbles some strange words.
The magic dart hits you! The white imp hits you. The white imp freezes you.
You barely miss Natasha.
Natasha is severely wounded.
You hit the white imp.
The white imp is lightly wounded.
You feel the effects of Trog's Hand fading.
Natasha claws you but does no damage. The white imp completely misses you.
You barely miss Natasha.
Natasha is severely wounded.
You closely miss the white imp.
The white imp is lightly wounded.
Natasha claws you! The white imp gestures at you. The puff of frost hits you!
You die...

##.##
##.#######.#
#.# #.# #.#
#.# #.# #.#
#.# #.# ###.#
#.#### #.#
###...# #....#
..# #...###
####.# ###
#.### # #5#
#.# # #@# #.#
# #h# #.# #
#5# #.# # #5#
#.##### #.#
#...... #.#
.#######..####
#.#
..........#
#.#
########.##
########.#


You could see Natasha, a crimson imp, a white imp and a shadow imp.

Vanquished Creatures
  Ijyb (D:2)
  Natasha (D:2)
  An adder (D:2)
  3 oozes (D:1)
  2 worms (D:2)
  A dart slug (D:1)
  4 bats
  A giant cockroach (D:1)
  4 goblins
  7 hobgoblins
  5 kobolds (D:1)
  3 giant newts
  9 rats
42 creatures vanquished.

Notes
Turn   | Place    | Note
--------------------------------------------------------------
     0 | D:1      | shmeve the Kobold Berserker began the quest for the Orb.
     0 | D:1      | Reached XP level 1. HP: 14/14 MP: 1/1
   228 | D:1      | Reached XP level 2. HP: 19/19 MP: 2/2
   602 | D:1      | Reached XP level 3. HP: 23/23 MP: 3/3
   627 | D:1      | Reached skill level 1 in Stealth
   929 | D:1      | Reached skill level 1 in Throwing
  1100 | D:1      | Reached ** piety under Trog
  1260 | D:2      | Reached XP level 4. HP: 3/29 MP: 4/4
  1678 | D:2      | Noticed Ijyb
  1686 | D:2      | Killed Ijyb
  1710 | D:2      | Noticed Natasha
  1717 | D:2      | Killed Natasha
  1717 | D:2      | Reached skill level 4 in Fighting
  1717 | D:2      | Reached XP level 5. HP: 27/33 MP: 5/5
  2496 | D:2      | Noticed Natasha
  2511 | D:2      | Killed from afar by a white imp

Skill      XL: |  1  2  3  4 |
---------------+-------------+-----
Dodging        | 3 |  3.9
Stealth        | 1 |  1.9
Throwing       | 1 |  1.5
Axes           | 3 |  3.2
Fighting       | 4 |  4.1
Armour         | |  1.5

Action                   |  1- 3 |  4- 6 || total
-------------------------+-------+-------++-------
Melee: Hand axe          |   113 |    58 ||   171
Invok: Trog's Hand       |     1 |     2 ||     3
       Berserk           |       |     2 ||     2
 Stab: Sleeping          |       |     3 ||     3
  Eat: Chunk             |     7 |     3 ||    10
Armor: Animal skin       |    13 |       ||    13
       Leather armour    |     2 |     7 ||     9
Dodge: Dodged            |   107 |    32 ||   139
